 Dungeon Crawl Stone Soup version 0.29.1-2-gbd0b4ee654 (webtiles) character file.

Game seed: 2929277873426794461

46 Avanven the Ruffian (level 3, -2/23 HPs)
             Began as a Gargoyle Monk on Nov 7, 2022.
             Slain by Terence
             ... wielding a +0 trident
              (4 damage)
             ... on level 2 of the Dungeon.
             The game lasted 00:03:00 (1499 turns).

Avanven the Ruffian (Gargoyle Monk)                 Turns: 1499, Time: 00:03:01

Health: -2/23      AC:  5    Str: 21 (22) XL:     3   Next: 66%
Magic:  3/3        EV: 12    Int:  8 (10) God:
Gold:   84         SH:  0    Dex: 11 (12) Spells: 2/2 levels left

rFire   . . .      SeeInvis .     - Unarmed
rCold   . . .      Faith    .   (no shield)
rNeg    + . .      Spirit   .   a - +0 robe
rPois   ∞          Reflect  .   (no helmet)
rElec   +          Harm     .   (no cloak)
rCorr   .          Rampage  .   (no gloves)
Will    .....                   (no boots)
Stlth   ++........              (no amulet)
HPRegen 0.07/turn               c - +6 ring of strength
MPRegen 0.08/turn               (no ring)

@: attractive
A: sickness immunity, AC +3, negative energy resistance 1, electricity
resistance, torment resistance 1, petrification resistance
a: no special abilities


You were on level 2 of the Dungeon.
You visited 1 branch of the dungeon, and saw 2 of its levels.

You collected 84 gold pieces.

Inventory:

Armour
 a - a +0 robe (worn)
Jewellery
 c - a +6 ring of strength (left hand)
 k - a ring of resist corrosion
 l - a +6 ring of strength
Scrolls
 d - 4 scrolls of butterflies {unknown}
 e - 4 scrolls of enchant armour {unknown}
 f - 2 scrolls of identify {unknown}
 g - 2 scrolls of teleportation {unknown}
 i - 2 scrolls of noise {unknown}
Potions
 h - a potion of attraction


   Skills:
 - Level 3.2 Fighting
 - Level 2.4 Dodging
 - Level 2.1 Stealth
 * Level 4.5 Unarmed Combat


You had 2 spell levels left.
You didn't know any spells.
Your spell library was empty.

Dungeon Overview and Level Annotations

Branches:
Dungeon (2/15)

Altars:

Shops:
D:1 (

Annotations:
D:2 Terence


Innate Abilities, Weirdness & Mutations

You are immune to sickness and miasma.
Your stone body is resilient. (AC +3)
You are immune to poison.
You resist negative energy. (rN+)
You are resistant to electric shocks. (rElec)
You are resistant to unholy torment.
You are immune to petrification.


Message History

Terence hits you but does no damage. Terence hits you with a +0 trident.
You barely miss Terence. Terence completely misses you.
You hit Terence.
Terence is moderately wounded.
Terence hits you but does no damage.
You closely miss Terence.
Terence is moderately wounded.
Terence hits you with a +0 trident.
You hit Terence.
Terence is heavily wounded.
Terence hits you with a +0 trident!
You are too injured to fight recklessly!
You hit Terence.
Terence is severely wounded.
Terence hits you with a +0 trident.
You are confused.
You feel invigorated. Terence hits you with a +0 trident!
* * * LOW HITPOINT WARNING * * *
Terence barely misses you.
You're too confused to move!
Terence closely misses you.
You bump into the rock wall.
Terence barely misses you.
You feel less invigorated.
You feel less confused.
Terence hits you from afar with a +0 trident!
A dart slug comes into view.
Terence hits you from afar with a +0 trident.
Terence bares his teeth.
It was a potion of attraction.
You feel attractive to monsters. Terence barely misses you.
Terence is attracted toward you.
It was a potion of degeneration.
There was something very wrong with that liquid.
You feel weakened.
You feel dopey.
You feel clumsy. Terence hits you with a +0 trident.
* * * LOW HITPOINT WARNING * * *
You closely miss Terence.
Terence is severely wounded.
Terence hits you with a +0 trident.
You die...

.# #.# .# ####.# .#
..#.# .# #.#.# .#
######### #.#.# .#
........####.#.# .#
######.........##.#
#.........@@.#
#.#####.###### #.#
#.# #.# #.# #.# #.#
#.# #.# #.# #.# #w


You could see Terence.

Vanquished Creatures
  An adder (D:2)
  A dart slug (D:2)
  7 bats
  An endoplasm (D:1)
  2 giant cockroaches
  A goblin (D:1)
  2 hobgoblins
  4 jackals (D:1)
  3 kobolds
  5 ball pythons
  4 rats
31 creatures vanquished.

Notes
Turn   | Place    | Note
-------+----------+-------------------------------------------
     0 | D:1      | Avanven the Gargoyle Monk began the quest for the Orb.
     0 | D:1      | Reached XP level 1. HP: 14/14 MP: 1/1
   240 | D:1      | Reached XP level 2. HP: 14/19 MP: 2/2
   355 | D:1      | Found a faded altar of an unknown god.
   391 | D:1      | Found Eclewola's Antique Weapon Emporium.
   407 | D:1      | You fall into a shaft and drop 1 floor!
   842 | D:1      | Reached skill level 4 in Unarmed Combat
  1058 | D:2      | Reached XP level 3. HP: 23/23 MP: 3/3
  1479 | D:2      | Noticed Terence
  1487 | D:2      | HP: 1/23 [Terence/+0 trident (10)]
  1499 | D:2      | Slain by Terence

Illustrated notes

Levels and vault maps discovered:
D:1:      roderic_chinese_lattice_arrival, layout_rooms, serial_shops, shop,
          ebering_ecumenical_altar_hall
D:2:      minmay_skewed_foursquare, layout_loops_ring, serial_park_tiny_1,
          uniq_terence

Skill      XL: |  1  2 |
---------------+-------+-----
Unarmed Combat | 4 |  4.5
Fighting       | |  3.2
Dodging        | |  2.4
Stealth        | |  2.1

Action                   || total
-------------------------++-------
Melee: Unarmed           ||   104
       Punch             ||     1
  Use: Potion            ||     3
 Stab: Sleeping          ||     1
Armor: Robe              ||    46
Dodge: Dodged            ||    72
